Map: Acid Plant LE

Players

Optimus

  • Race: Terran Terran
  • Spawn Location: 11:00

Guru - Winner!

  • Race: Zerg Zerg
  • Spawn Location: 5:00

Event: IEM Season 12 - Katowice

VOD

Have the link to the VOD?

Description

Time

  • Played on: Feb. 26, 2018, 11:24 a.m.
  • Length: 27:09

All games in this series

Show
View Real Time Build Order
Export as new Build Order

Optimus Terran 

Build Orders: Gas First Reaper Expand, Liberator Opening, Reaper Expand, MMM Bio 

Get SALT Encoding   

  12  0:00  SCV  
  13  0:12  SCV  
  14  0:18  Supply Depot  
  14  0:24  SCV  
  15  0:29  Refinery  
  15  0:39  SCV  
  16  0:45  Barracks  
  16  0:51  SCV  
  17  1:04  SCV  
  18  1:16  SCV  
  19  1:32  Reaper, Orbital Command  
  20  1:42  Command Center  
  20  1:52  Factory  
  20  1:57  SCV  
  21  2:07  Barracks Reactor, Refinery  
  21  2:09  SCV  
  21  2:14  Supply Depot  
  22  2:22  SCV  
  23  2:35  SCV  
  24  2:40  Starport  
  24  2:46  Hellion x2  
  24  2:47  SCV  
  24  2:49  Barracks Tech Lab  
  29  2:59  SCV, Orbital Command  
  30  3:11  SCV  
  33  3:13  Hellion x2  
  35  3:23  SCV  
  35  3:24  Medivac  
  35  3:26  Supply Depot  
  38  3:28  SCV  
  39  3:36  SCV  
  39  3:37  Liberator  
  39  3:40  Hellion x2  
  44  3:44  Armory  
  44  3:50  SCV x2  
  49  4:02  SCV x2  
  50  4:04  Hellion x2  
  54  4:18  Supply Depot  
  54  4:22  Supply Depot  
  54  4:32  SCV  
  54  4:43  SCV  
  54  4:44  SCV  
  56  4:55  SCV  
  56  4:56  Command Center  
  56  4:57  SCV  
  56  4:58  Barracks  
  56  4:59  Barracks  
  50  5:08  SCV  
  50  5:12  Starport Reactor, Factory Tech Lab  
  44  5:16  SCV  
  44  5:20  SCV, Barracks Tech Lab  
  42  5:23  Refinery  
  42  5:25  Siege Tank, Engineering Bay x2  
  45  5:32  SCV x2  
  47  5:38  Marine  
  47  5:39  Stimpack  
  47  5:42  Bunker  
  48  5:44  SCV  
  48  5:47  Marine x2  
  48  5:49  SCV  
  52  5:53  Starport Reactor  
  52  5:55  Marine x2  
  52  5:56  Marine  
  55  5:57  Siege Tank  
  55  6:00  Terran Infantry Armor Level 1  
  58  6:06  Terran Infantry Weapons Level 1  
  58  6:07  Marine x2  
  56  6:13  Marine  
  56  6:14  Orbital Command  
  55  6:19  SCV x2, Marine x2, Barracks  
  55  6:20  Barracks  
  57  6:26  Marine x2  
  57  6:31  SCV x2, Siege Tank  
  56  6:40  SCV  
  56  6:43  SCV x2  
  58  6:48  Marine x3  
  58  6:52  SCV  
  62  7:00  Medivac x2  
  65  7:04  SCV x2  
  67  7:09  Refinery  
  67  7:11  Barracks Reactor  
  67  7:12  Barracks Reactor  
  67  7:14  SCV  
  68  7:16  SCV x2, Marine  
  68  7:18  Marine  
  68  7:19  Marine  
  68  7:22  Supply Depot, Orbital Command  
  73  7:33  Medivac x2  
  77  7:43  Supply Depot  
  77  7:44  SCV x2, Marine x5  
  77  7:49  Supply Depot  
  77  7:50  SCV  
  85  7:53  Marine  
  85  7:55  Combat Shields  
  85  7:56  SCV x2  
  88  8:00  Marine x3  
  88  8:01  Marine x2  
  88  8:04  Marine  
  88  8:05  SCV  
  95  8:08  SCV  
  95  8:09  Siege Tank  
  95  8:10  SCV  
  100  8:17  SCV, Marine x4  
  100  8:18  Marine  
  106  8:20  SCV  
  107  8:28  Marine x2  
  107  8:31  Supply Depot  
  109  8:38  Terran Infantry Armor Level 2, Terran Infantry Weapons Level 2  
  109  8:46  Supply Depot  
  109  8:52  Marine x5  
  109  8:53  SCV x3  
  109  8:55  Supply Depot  
  117  9:07  SCV x2, Siege Tank, Marine, Medivac  
  125  9:16  SCV  
  125  9:17  Marine x2, Medivac  
  127  9:18  Marine x3  
  127  9:19  SCV x2  
  129  9:28  SCV  
  129  9:29  Barracks  
  129  9:30  Barracks  
  128  9:31  Supply Depot  
  128  9:32  Barracks  
  128  9:36  Supply Depot  
  128  9:37  Supply Depot  
  128  9:38  SCV x2  
  130  9:40  SCV  
  130  9:41  Marine  
  130  9:42  Marine  
  133  9:52  Supply Depot x2, Marine x3  
  133  9:53  Supply Depot  
  133  9:55  Refinery x2  
  136  10:06  Command Center  
  136  10:08  Medivac x2  
  140  10:16  Marine  
  140  10:17  Ghost Academy, Marine x7  
  140  10:18  Barracks Tech Lab  
  140  10:19  Barracks Tech Lab  
  140  10:20  Barracks Tech Lab  
  148  10:29  Marine  
  148  10:34  Marine x3  
  149  10:36  Liberator  
  149  10:37  Liberator  
  149  10:40  Marine x2  
  149  10:41  Marauder x2  
  149  10:42  Concussive Shells, Marauder  
  154  10:48  Supply Depot, Personal Cloaking  
  154  10:49  Supply Depot  
  162  11:02  Siege Tank  
  162  11:03  Ghost x4  
  171  11:05  Marine x6  
  167  11:29  Marine  
  167  11:30  Marine x7  
  167  11:31  Ghost x2, SCV x2  
  167  11:32  Marine  
  146  11:37  Marine  
  128  11:47  Marine  
  128  11:48  Marine  
  128  11:49  Ghost  
  121  11:54  SCV x2  
  121  11:55  Ghost  
  121  12:00  Siege Tank  
  128  12:02  Liberator  
  128  12:03  Ghost x2  
  128  12:05  SCV  
  128  12:06  SCV  
  128  12:07  Liberator  
  130  12:09  Marine x3  
  130  12:14  SCV  
  134  12:17  SCV  
  134  12:18  SCV  
  139  12:28  SCV  
  139  12:29  SCV  
  139  12:38  Marauder x2  
  139  12:41  SCV x2  
  145  12:44  Marine x4  
  145  12:45  Marine x3  
  152  12:51  SCV  
  152  12:53  Planetary Fortress  
  152  12:56  Marine x3  
  146  12:59  Marine x2  
  146  13:02  Medivac  
  146  13:03  SCV x2  
  146  13:06  SCV  
  146  13:10  Medivac  
  140  13:13  Ghost  
  140  13:15  SCV  
  140  13:19  SCV  
  143  13:20  Sensor Tower, SCV  
  143  13:26  Missile Turret, Marine  
  144  13:27  SCV, Marine  
  144  13:28  Marine x4  
  144  13:31  SCV  
  145  13:34  Terran Infantry Weapons Level 3  
  145  13:41  Terran Infantry Armor Level 3  
  145  13:44  SCV  
  136  13:49  SCV x3, Liberator  
  136  13:51  Liberator  
  136  13:53  Refinery  
  139  13:56  SCV  
  139  14:00  Marine x8  
  139  14:01  SCV  
  155  14:10  SCV x2  
  155  14:11  SCV  
  155  14:15  Marauder  
  155  14:16  Marauder  
  162  14:19  Marauder  
  162  14:21  Marine  
  162  14:22  Marine x2  
  168  14:27  Refinery  
  168  14:30  Ghost  
  168  14:31  Marine x2  
  171  14:45  Ghost x2  
  160  14:47  Ghost  
  160  14:48  Marine x4  
  163  14:54  SCV x2  
  163  14:57  Marine x4  
  163  14:58  Ghost  
  163  14:59  SCV x2  
  165  15:06  Siege Tank  
  165  15:16  Command Center, Liberator x2  
  165  15:17  Marine x4  
  169  15:23  Marine x5  
  169  15:28  Terran Ship Weapons Level 1  
  180  15:40  Ghost  
  182  15:44  Nuke  
  182  15:48  Ghost Academy x2  
  182  15:52  Marine x5  
  187  16:04  Command Center  
  187  16:16  Medivac x2  
  187  16:18  Nuke x2  
  191  16:37  Building Armor, Hi-Sec Auto Tracking  
  191  16:38  Ghost x3  
  197  16:46  Marine  
  195  16:48  Marine, Nuke  
  195  16:49  Marine x4  
  197  16:54  Ghost, Medivac x2  
  189  17:06  Nuke  
  189  17:07  Ghost, Planetary Fortress  
  191  17:14  Missile Turret  
  191  17:15  Missile Turret  
  191  17:16  Missile Turret  
  191  17:17  Orbital Command  
  187  17:33  Ghost x2  
  187  17:34  Ghost, Marine  
  187  17:35  Marine x6  
  177  17:38  Nuke  
  177  17:43  Nuke  
  177  17:49  Marine x2  
  177  17:50  Refinery x2  
  179  17:52  Marine x2  
  179  17:54  Siege Tank  
  179  17:57  Liberator x2  
  184  18:02  Nuke  
  188  18:10  Sensor Tower  
  187  18:27  Ghost x2  
  187  18:34  Ghost  
  183  18:40  Liberator x2  
  183  18:55  Refinery  
  183  18:56  Nuke  
  183  18:59  Ghost  
  191  19:10  Command Center  
  191  19:12  Command Center  
  189  19:28  Ghost x3  
  186  19:33  Nuke  
  186  19:35  Marine  
  186  19:36  Marine x7  
  186  19:37  Command Center  
  185  19:38  Nuke  
  185  19:39  Ghost, Command Center  
  187  19:49  Starport  
  187  19:50  Starport  
  183  19:53  Fusion Core, Marine  
  183  19:54  Marine x6  
  183  19:58  Medivac  
  192  20:01  Medivac  
  192  20:15  Ghost x2  
  195  20:23  Ghost  
  195  20:24  Marine x7  
  195  20:25  Orbital Command  
  199  20:39  Marine  
  199  20:42  Starport Reactor, Starport Tech Lab  
  200  20:47  Nuke  
  200  20:49  Orbital Command  
  200  20:50  Orbital Command  
  200  20:51  Liberator x2  
  200  21:00  Liberator  
  188  21:06  Advanced Ballistics  
  188  21:08  Ghost x2  
  188  21:09  Refinery  
  196  21:13  Nuke  
  196  21:15  Orbital Command  
  186  21:28  Medivac x2  
  177  21:42  SCV  
  177  21:44  SCV x2  
  177  21:46  Ghost x2  
  177  21:58  Marine  
  177  21:59  Marine x7  
  185  22:03  Liberator x2  
  179  22:23  Marine  
  179  22:24  Marine x4  
  179  22:28  Liberator x2  
  190  22:30  Liberator  
  182  22:46  Liberator  
  182  22:48  Liberator  
  191  22:57  Ghost  
  194  23:11  Liberator  
  194  23:17  Liberator  
  194  23:22  Orbital Command  
  194  23:26  Orbital Command  
  196  23:27  Refinery  
  187  23:35  SCV x2  
  182  23:42  Medivac  
  182  23:44  Barracks Tech Lab  
  182  23:46  Medivac  
  182  23:47  Missile Turret  
  182  23:48  Barracks Tech Lab  
  186  23:57  Planetary Fortress  
  186  24:04  Liberator  
  186  24:06  Ghost  
  176  24:18  Ghost  
  176  24:22  Marine  
  176  24:23  Marine x4  
  173  24:35  Refinery  
  173  24:38  Ghost x2  
  169  24:41  Marine x7  
  169  24:44  Nuke  
  180  24:50  Medivac  
  175  25:06  Ghost x2  
  177  25:11  Ghost  
  181  25:24  SCV x2  
  183  25:34  Ghost  
  183  25:35  Ghost, Liberator  
  185  25:40  Ghost  
  189  25:54  Marine x6  
  195  26:03  Ghost  
  185  26:10  Ghost, Marine x3  
  168  26:28  Ghost  
  168  26:31  Ghost  
  172  26:39  Ghost  
Show
View Real Time Build Order
Export as new Build Order

Guru Zerg - Winner!

Build Orders: Hatch First 

Get SALT Encoding   

  12  0:00  Drone  
  13  0:12  Overlord  
  13  0:17  Drone  
  14  0:31  Drone x2  
  16  0:35  Drone  
  17  0:51  Hatchery  
  17  0:54  Drone  
  17  1:08  Spawning Pool  
  17  1:10  Extractor  
  15  1:12  Drone  
  15  1:16  Drone  
  17  1:20  Drone  
  18  1:28  Drone  
  19  1:42  Drone  
  20  1:55  Queen  
  22  2:03  Queen  
  22  2:04  Zergling x2  
  22  2:05  Drone, Overlord  
  26  2:12  Drone, Metabolic Boost  
  27  2:15  Drone  
  28  2:31  Queen  
  28  2:33  Spore Crawler  
  28  2:34  Drone  
  30  2:42  Drone x2  
  30  2:43  Queen  
  35  2:46  Overlord  
  35  3:01  Drone  
  35  3:02  Overlord  
  35  3:05  Drone x4  
  39  3:06  Drone  
  41  3:13  Lair  
  41  3:14  Drone  
  41  3:18  Drone x2  
  44  3:23  Overlord  
  44  3:29  Zergling x4  
  44  3:33  Zergling x2  
  47  3:41  Extractor  
  47  3:42  Roach Warren, Extractor  
  47  3:43  Drone x3  
  47  3:44  Drone  
  47  3:45  Zergling x2  
  49  3:52  Drone  
  49  3:53  Drone x2  
  52  3:57  Drone x2  
  54  4:09  Drone x2, Hatchery  
  55  4:11  Drone  
  55  4:16  Zergling x6  
  58  4:22  Roach, Glial Reconstitution  
  59  4:27  Evolution Chamber  
  59  4:28  Roach  
  60  4:38  Roach  
  56  4:46  Overlord  
  56  4:52  Overlord  
  56  4:54  Drone  
  57  5:00  Drone x3  
  57  5:04  Roach  
  57  5:12  Drone x2  
  57  5:13  Drone x6  
  60  5:15  Spore Crawler, Drone  
  60  5:17  Drone  
  60  5:19  Zerg Ground Armor Level 1  
  61  5:24  Roach  
  61  5:30  Spore Crawler, Roach  
  61  5:33  Roach  
  64  5:36  Roach  
  64  5:38  Roach  
  64  5:41  Roach  
  70  5:45  Roach  
  72  5:51  Overlord  
  72  5:54  Roach x2  
  72  5:56  Infestation Pit  
  75  5:57  Drone  
  75  5:58  Drone  
  75  6:06  Drone x3  
  75  6:12  Drone  
  75  6:13  Overlord  
  75  6:17  Drone x3  
  75  6:18  Drone  
  78  6:19  Drone x2  
  78  6:23  Drone  
  78  6:24  Drone  
  82  6:26  Roach  
  82  6:29  Drone  
  82  6:31  Drone x2  
  82  6:32  Drone  
  88  6:44  Roach  
  88  6:45  Infestor  
  88  6:46  Infestor  
  92  6:48  Evolution Chamber, Infestor, Extractor x2  
  92  6:49  Overlord  
  92  6:50  Roach  
  92  6:51  Roach  
  91  7:00  Drone  
  91  7:01  Drone x4  
  82  7:04  Hive  
  82  7:07  Drone x2, Extractor  
  82  7:08  Overlord  
  85  7:11  Roach x2  
  85  7:14  Zerg Missile Weapons Level 1  
  85  7:15  Overlord  
  89  7:23  Drone x3  
  89  7:27  Zerg Ground Armor Level 2  
  89  7:29  Queen  
  92  7:33  Overlord  
  94  7:39  Drone x2  
  96  7:45  Ravager  
  96  7:46  Ravager x3  
  101  7:51  Drone  
  101  7:53  Roach, Hatchery  
  102  8:00  Spore Crawler  
  102  8:02  Queen  
  102  8:03  Overlord  
  103  8:09  Roach  
  103  8:10  Roach x3  
  103  8:12  Ravager x4  
  112  8:13  Zergling x2  
  112  8:14  Zergling x14  
  120  8:22  Overlord  
  120  8:26  Overlord, Ultralisk Cavern  
  119  8:28  Overlord  
  119  8:40  Drone x2  
  119  8:41  Drone x3  
  124  8:42  Queen  
  124  8:43  Drone x2  
  128  8:57  Extractor  
  128  8:59  Drone x3  
  130  9:06  Overlord  
  130  9:08  Overlord  
  130  9:09  Overlord  
  124  9:10  Overlord x2  
  124  9:14  Overlord  
  122  9:17  Overlord  
  122  9:21  Overlord  
  111  9:26  Drone x3  
  111  9:27  Drone x2  
  111  9:29  Ultralisk x2  
  128  9:35  Ultralisk  
  128  9:36  Extractor  
  128  9:38  Ultralisk  
  139  9:43  Ultralisk  
  139  9:44  Drone x2  
  147  9:46  Drone  
  147  9:52  Ultralisk  
  154  9:53  Drone x2  
  154  9:55  Drone  
  154  9:56  Drone  
  158  10:01  Chitinous Plating  
  158  10:02  Drone  
  158  10:03  Drone x3  
  158  10:06  Zerg Melee Weapons Level 1  
  162  10:08  Drone  
  162  10:12  Drone  
  164  10:15  Drone  
  165  10:21  Overlord  
  165  10:25  Drone x2, Queen  
  165  10:26  Zerg Ground Armor Level 3  
  165  10:28  Zergling x14  
  173  10:31  Zergling x4  
  173  10:36  Zergling x2  
  174  10:51  Ultralisk x2  
  174  10:52  Overlord  
  174  10:54  Drone  
  174  10:55  Zergling x8, Spire  
  174  10:56  Zergling x2  
  191  11:03  Overlord  
  177  11:23  Overlord  
  168  11:27  Ultralisk  
  168  11:29  Ultralisk  
  168  11:30  Drone x3  
  168  11:31  Drone x2  
  169  11:38  Ultralisk x2  
  168  11:45  Drone x2  
  168  11:46  Drone  
  150  11:47  Drone x2  
  150  11:48  Drone x4  
  156  11:57  Ultralisk  
  156  12:00  Zergling x10  
  167  12:05  Zerg Melee Weapons Level 2  
  167  12:07  Ultralisk, Hatchery  
  167  12:08  Spore Crawler, Zergling x2  
  171  12:09  Spore Crawler, Zergling x2  
  172  12:17  Zerg Flyer Weapons Level 1, Baneling Nest  
  172  12:21  Zergling x10  
  176  12:24  Zergling x4  
  176  12:25  Zergling x4  
  176  12:27  Adrenal Glands  
  180  12:36  Ultralisk  
  173  12:38  Zergling x6  
  173  12:39  Zergling x4  
  173  12:44  Zergling x4  
  174  12:51  Ultralisk  
  168  12:52  Zergling x2  
  168  12:54  Ultralisk  
  153  13:04  Overlord  
  153  13:05  Drone x3  
  146  13:06  Drone  
  146  13:07  Drone x2  
  146  13:08  Drone x2  
  146  13:09  Drone x2  
  146  13:11  Drone x3  
  155  13:15  Corruptor  
  155  13:16  Corruptor  
  155  13:18  Baneling x2  
  155  13:19  Baneling  
  159  13:25  Drone  
  160  13:32  Drone  
  160  13:33  Corruptor x2  
  160  13:34  Corruptor  
  161  13:39  Baneling x2  
  161  13:40  Baneling x3, Zergling x2  
  166  13:41  Zergling x2  
  166  13:43  Corruptor x2  
  166  13:47  Zergling x2  
  170  13:50  Spore Crawler  
  170  13:52  Corruptor x2  
  172  14:00  Spore Crawler  
  172  14:01  Spore Crawler  
  172  14:02  Spore Crawler  
  169  14:03  Drone x3, Extractor  
  169  14:04  Drone  
  169  14:08  Infestor  
  169  14:09  Infestor x2  
  178  14:13  Baneling x3  
  178  14:22  Pneumatized Carapace  
  178  14:27  Drone x3, Spine Crawler  
  178  14:28  Zerg Melee Weapons Level 3  
  178  14:29  Spine Crawler  
  178  14:30  Overlord  
  179  14:32  Zergling x2  
  179  14:33  Zergling x34  
  192  14:50  Drone x3  
  192  14:51  Corruptor  
  192  14:52  Spore Crawler x2  
  195  14:54  Zergling x2  
  196  15:03  Drone  
  196  15:06  Overlord  
  196  15:08  Baneling  
  196  15:09  Baneling x8  
  196  15:16  Zergling x2  
  197  15:24  Zergling x2  
  197  15:26  Greater Spire  
  196  15:31  Hatchery  
  196  15:33  Corruptor x2  
  196  15:34  Centrifical Hooks  
  199  15:38  Zergling x2  
  200  16:07  Spire  
  200  16:10  Hatchery  
  196  16:27  Zergling x6  
  195  16:56  Zergling x4  
  196  17:04  Drone x3  
  196  17:06  Drone  
  196  17:07  Zerg Flyer Weapons Level 2  
  179  17:12  Baneling x4  
  179  17:15  Zergling x2  
  180  17:21  Zergling x8  
  155  17:36  Ultralisk  
  155  17:37  Ultralisk x2, Zergling x2  
  148  17:38  Zergling x20  
  148  17:42  Brood Lord x9  
  171  17:45  Corruptor x2  
  171  17:46  Corruptor x6  
  171  17:49  Zergling x2  
  171  17:50  Zergling x4  
  190  17:53  Drone  
  190  17:54  Drone  
  190  17:55  Spore Crawler x2  
  178  18:02  Spore Crawler, Drone  
  178  18:03  Spore Crawler, Overseer  
  177  18:13  Overseer  
  177  18:14  Zergling x18  
  177  18:15  Zergling x14  
  177  18:17  Drone  
  177  18:18  Drone  
  195  18:23  Drone x2  
  197  18:32  Baneling x2  
  197  18:33  Drone x2, Baneling x2  
  191  18:34  Drone x4  
  191  18:35  Drone  
  191  18:36  Zerg Flyer Armor Level 1  
  175  18:48  Drone x4  
  169  18:50  Drone x2  
  171  18:59  Drone x3  
  174  19:03  Drone x2  
  174  19:04  Drone  
  174  19:05  Extractor  
  174  19:07  Extractor  
  174  19:09  Overseer  
  175  19:14  Drone x3  
  175  19:16  Drone  
  175  19:17  Drone x3  
  180  19:18  Drone x2  
  178  19:33  Drone x2  
  178  19:34  Drone  
  178  19:36  Drone x2  
  176  19:38  Extractor  
  176  19:43  Extractor  
  174  19:46  Extractor  
  174  19:51  Drone  
  174  19:52  Drone x3  
  176  19:53  Drone x2  
  176  19:57  Drone x4  
  176  19:58  Drone  
  185  20:00  Brood Lord x6  
  185  20:01  Drone x2, Brood Lord  
  185  20:05  Overlord  
  190  20:14  Zergling x4  
  190  20:15  Zergling x18  
  200  20:23  Zergling x2  
  200  20:24  Spore Crawler, Zergling x2  
  200  20:27  Zerg Flyer Weapons Level 3  
  199  20:29  Spore Crawler  
  199  20:30  Spore Crawler x2  
  199  20:31  Drone, Spore Crawler x2  
  191  20:44  Overseer x3  
  191  20:47  Drone x3  
  194  20:51  Overlord x2  
  193  21:01  Overlord  
  193  21:04  Overlord  
  189  21:05  Overlord x2  
  188  21:18  Zergling x4  
  179  21:26  Zergling x2  
  179  21:27  Zergling x26  
  179  21:31  Zergling x4  
  172  21:42  Corruptor x3  
  172  21:44  Infestor x3  
  166  21:47  Baneling  
  166  21:48  Baneling x12  
  166  21:50  Drone x2  
  166  21:51  Drone  
  166  21:53  Drone  
  158  22:00  Infestor  
  158  22:01  Infestor x2  
  164  22:10  Hatchery  
  163  22:18  Infestor x4  
  163  22:21  Brood Lord x2  
  166  22:45  Corruptor x3  
  166  22:46  Corruptor  
  166  22:47  Zergling x2  
  166  22:48  Zergling x30  
  184  23:00  Corruptor x2  
  184  23:02  Drone x2  
  190  23:18  Drone x3  
  188  23:30  Zergling x2  
  188  23:31  Zergling x14  
  188  23:33  Zergling x4  
  188  23:34  Zergling x4  
  198  23:37  Drone x2  
  194  23:50  Drone x2, Extractor  
  194  23:52  Spore Crawler x2  
  194  23:53  Infestor x2  
  193  24:05  Extractor  
  188  24:13  Hatchery  
  176  24:20  Zergling x10  
  177  24:29  Zergling x20  
  174  24:36  Corruptor  
  174  24:37  Corruptor x2  
  180  24:47  Drone x3  
  180  24:48  Drone x2  
  180  24:50  Zergling x4  
  176  24:58  Corruptor x3  
  182  25:10  Corruptor x2  
  186  25:14  Zergling x2  
  186  25:24  Spore Crawler  
  186  25:25  Spore Crawler  
  186  25:26  Spore Crawler  
  186  25:27  Spore Crawler  
  181  25:33  Corruptor x3  
  187  25:37  Corruptor x2  
  187  25:38  Corruptor  
  193  25:49  Corruptor x2  
  161  26:19  Corruptor x2  
  161  26:20  Zergling x2  
  161  26:21  Zergling x10  
  169  26:28  Zergling x2  
  169  26:29  Zergling x24  
  178  26:49  Zergling x2  
  178  26:50  Zergling x16  

Tags
 
Add a new tag
Caveats
  • Supply blocks, unpowered buildings, or Contaminate may cause inaccurate times.
  • Supply counts are checked every 10 seconds.